 Dungeon Crawl Stone Soup version 0.17-a0-910-ga669010 (webtiles) character file.

32538 Zwobot the Black Belt (level 13, -1/102 HPs)
             Began as a Demigod Transmuter on May 2, 2015.
             Slain by a minotaur
             ... wielding a +0 rod of ignition (12/12)
              (17 damage)
             ... in a labyrinth.
             The game lasted 01:40:11 (22568 turns).

Zwobot the Black Belt (Demigod Transmuter)         Turns: 22568, Time: 01:40:11

Health: -1/102     AC: 15    Str: 21    XL:     13   Next: 3%
Magic:  19/19      EV: 19    Int: 19    God:
Gold:   878        SH:  0    Dex: 25    Spells: 6 memorised, 1 level left

rFire  + . .     SeeInvis .       - Unarmed
rCold  . . .     Clarity  .     U - +5 ring mail of Satisfaction {rPois rF+}
rNeg   . . .     SustAb   +     (no shield)
rPois  +         Gourm    .     r - +2 helmet
rElec  .         Spirit   .     C - +0 cloak
rCorr  .         Warding  .     g - +0 pair of gloves
rMut   .         Stasis   .     (no boots)
MR     +....                    (no amulet)
Stlth  +.........               e - +3 ring of strength
                                l - +3 ring of dexterity

@: mighty, very slightly contaminated, invisible, somewhat resistant to hostile
enchantments, very unstealthy
A: high mp 1, sustain abilities
a: no special abilities


You were in a labyrinth.
You were hungry.

You visited 2 branches of the dungeon, and saw 17 of its levels.
You also visited: Labyrinth.

You collected 878 gold pieces.

Inventory:

Missiles
 J - 11 javelins (quivered)
 P - 4 curare-tipped needles
 R - 26 poisoned needles
Armour
 g - a +0 pair of gloves (worn)
 r - a +2 helmet (worn)
 C - a +0 cloak (worn)
 M - the +0 buckler of Immorality {+Blink rElec rC+ Int-4}
   (You found it on level 12 of the Dungeon)

   It affects your intelligence (-4).
   It protects you from cold.
   It insulates you from electricity.
   It lets you blink.
 U - the +5 ring mail of Satisfaction (worn) {rPois rF+}
   (You found it on level 2 of the Lair of Beasts)

   It protects you from fire.
   It protects you from poison.
Rods
 H - a -1 lightning rod (13/13)
   (You found it on level 11 of the Dungeon)
Jewellery
 e - a +3 ring of strength (right hand)
 k - an uncursed ring of stealth
 l - a +3 ring of dexterity (left hand)
 Y - an uncursed ring of positive energy
Magical devices
 m - a wand of draining (5)
 t - a wand of lightning (7)
 D - a wand of disintegration (4)
 W - a wand of invisibility (2)
 X - a wand of teleportation (4)
Scrolls
 a - a scroll of fear
 f - a scroll of holy word {unknown}
 v - 3 scrolls of enchant weapon
 y - 3 scrolls of teleportation
 A - a scroll of amnesia
 B - 3 scrolls of remove curse
 E - 4 scrolls of enchant armour
 N - 2 scrolls of fog
 S - 2 scrolls of blinking
 V - a scroll of recharging
 Z - a scroll of immolation
Potions
 h - 2 potions of cancellation
 j - a potion of mutation {unknown}
 n - a potion of haste {unknown}
 p - 3 potions of might
 s - 5 potions of brilliance
 u - a potion of lignification {unknown}
 w - 2 potions of degeneration {unknown}
 z - 2 potions of ambrosia {unknown}
 G - 3 potions of curing
 I - 3 potions of magic
 K - 2 potions of berserk rage {unknown}
 O - a potion of flight {unknown}
Books
 b - a book of Frost

   Spells                             Type                      Level
   a - Freeze                         Ice                          1
   b - Throw Frost                    Conjuration/Ice              2
   c - Ozocubu's Armour               Charms/Ice                   3
   d - Throw Icicle                   Conjuration/Ice              4
   e - Summon Ice Beast               Ice/Summoning                4
   f - Condensation Shield            Ice                          4
 c - a book of Changes

   Spells                             Type                      Level
   a - Beastly Appendage              Transmutation                1
   b - Sticks to Snakes               Transmutation                2
   c - Spider Form                    Transmutation/Poison         3
   d - Ice Form                       Ice/Transmutation            4
   e - Blade Hands                    Transmutation                5
 q - a book of the Tempests

   Spells                             Type                      Level
   a - Static Discharge               Conjuration/Air              3
   b - Lightning Bolt                 Conjuration/Air              5
   c - Fireball                       Conjuration/Fire             5
   d - Tornado                        Air                          9
   e - Shatter                        Earth                        9
 F - a book of Spatial Translocations

   Spells                             Type                      Level
   a - Apportation                    Translocation                1
   b - Blink                          Translocation                2
   c - Shroud of Golubria             Charms/Translocation         2
   d - Portal Projectile              Translocation                3
   e - Teleport Other                 Translocation                3
   f - Passage of Golubria            Translocation                4
Comestibles
 d - 12 bread rations
 o - 12 meat rations


   Skills:
 - Level 6.0 Fighting
 - Level 8.7 Dodging
 * Level 15.7 Unarmed Combat
 - Level 2.0 Spellcasting
 - Level 7.0 Transmutations
 - Level 5.0 Ice Magic


You had one spell level left.
You knew the following spells:

 Your Spells              Type           Power        Failure   Level  Hunger
a - Beastly Appendage     Trmt           ####..       1%          1    #......
b - Sticks to Snakes      Trmt           ####......   2%          2    ###....
c - Spider Form           Trmt/Pois      ###.......   21%         3    ###....
d - Ice Form              Ice/Trmt       ###.....     24%         4    #####..
e - Regeneration          Chrm/Necr      #.........   82%         3    ###....
f - Blink                 Tloc           N/A          41%         2    ###....


Dungeon Overview and Level Annotations

Branches:
Dungeon (12/15)            Temple (0/1) D:7            Lair (5/8) D:9
  Swamp (0/4) Lair:3          Orc (0/4) D:10
  Snake: Lair:3-6    Spider: Lair:3-6

Shops:
D:10 (

Annotations:
D:4 nht's ghost, average HOMo
D:5 nht's ghost, average HOFi
D:6 exclusion: jelly
D:10 Maud
D:12 exclusion: 2 doors, Azrael; Maurice


Innate Abilities, Weirdness & Mutations

You have an increased reservoir of magic (+10% MP).
Your attributes are resistant to harm.


Message History

Confirm with . or Enter, or press ? or * to list all spells.
Okay, then.
Drink which item? (? for menu, Esc to quit)
Okay, then.
You flicker for a moment.
Drink which item? (? for menu, Esc to quit)
Okay, then.
Read which item? (? for menu, Esc to quit)
Okay, then.
You flicker back into view.
Drink which item? (? for menu, Esc to quit)
You fade into invisibility!
The minotaur hits you with a rod of ignition!
* * * LOW HITPOINT WARNING * * *
The minotaur closely misses you.
Read which item? (? for menu, Esc to quit)
As you read the scroll of fear, it crumbles to dust.
You assume a fearsome visage.
The minotaur resists with some effort.
The minotaur hits you with a rod of ignition!
You die...

# #. . #. #.
#. ... #.####
.# #...#...
#.#.#.###.##
#..H.........
#.@#.#######.
#..#.# ...#
##
#..#.#.###.#.
. #..#.# # #.
. #.#..#.#.#
# #. # #
...#.# # #.
#..#.#.. #.#.
# # #
...#.#####. #
.. #.#.......
.#


You could see a minotaur.

Vanquished Creatures
  Gastronok (D:9)
  Fannar (D:10)
  A hydra (Lair:4)
  The ghost of oplop the Frost Mage, a powerful OpIE of Vehumet (D:10)
  Urug (Lair:3)
  Nergalle (Lair:4)
  An unseen horror (Lab)
  3 hill giants
  2 griffons (Lair:4)
  6 black mambas
  3 komodo dragons
  A fire drake (Lair:4)
  6 spiny frogs
  2 two-headed ogres
  3 giant leeches (Lair:3)
  3 trolls
  8 blink frogs (Lair:3)
  27 yaks
  A spriggan (D:7)
  A wyvern (Lair:5)
  A fire elemental (D:12)
  5 hippogriffs
  4 basilisks
  5 hungry ghosts
  A deep elf fighter (D:9)
  10 wolves
  A swamp worm (Lair:3)
  9 porcupines
  17 water moccasins
  4 sky beasts
  5 orc warriors
  A black bear (D:7)
  3 ice beasts
  A phantom (D:6)
  A wasp (D:12)
  8 centaurs
  A necrophage (D:6)
  5 ogres
  6 crocodiles
  13 giant frogs
  A wyvern zombie (D:11)
  12 wights
  2 scorpions
  A jelly (D:6)
  2 crimson imps
  A giant frog zombie (D:6)
  3 hounds
  8 iguanas
  2 centaur skeletons
  10 orc priests
  A giant frog skeleton (D:11)
  13 orc wizards
  3 centaur zombies
  4 worker ants
  7 sheep (Lair:1)
  A hound skeleton (D:11)
  2 hound zombies
  A worker ant zombie (D:9)
  4 gnolls
  44 river rats
  12 adders
  4 shadow imps
  3 oozes
  An adder skeleton (D:6)
  2 worms (D:2)
  6 giant geckos
  49 orcs
  26 bats
  4 giant cockroaches
  15 hobgoblins
  10 jackals
  A quokka (D:1)
  4 ball pythons
  A giant gecko zombie (D:9)
  5 giant newts
  6 goblins
  18 kobolds
  23 rats
  5 ballistomycetes (D:6)
  A fungus (D:9)
  A plant (Lair:3)
493 creatures vanquished.

Vanquished Creatures (others)
  A giant spore (D:6)
  4 fungi
5 creatures vanquished.

Grand Total: 498 creatures vanquished

Notes
Turn   | Place    | Note
--------------------------------------------------------------
     0 | D:1      | Zwobot, the Demigod Transmuter, began the quest for the Orb.
     0 | D:1      | Reached XP level 1. HP: 15/15 MP: 5/5
    25 | D:1      | Reached skill level 1 in Fighting
   169 | D:1      | Reached skill level 3 in Unarmed Combat
   608 | D:1      | Reached XP level 2. HP: 20/23 MP: 7/7
  1312 | D:2      | Reached XP level 3. HP: 28/28 MP: 8/8
  1333 | D:2      | Reached skill level 4 in Unarmed Combat
  1583 | D:2      | Found an iron altar of Okawaru.
  2326 | D:2      | Reached XP level 4. HP: 35/35 MP: 9/9
  2691 | D:3      | Learned a level 2 spell: Sticks to Snakes
  2695 | D:3      | Learned a level 3 spell: Spider Form
  2796 | D:3      | Reached skill level 5 in Unarmed Combat
  3982 | D:3      | Reached XP level 5. HP: 33/40 MP: 10/10
  4200 | D:3      | Found an opulent altar of Gozag.
  4409 | D:4      | Noticed an ogre
  4444 | D:4      | Killed an ogre
  4444 | D:4      | Reached skill level 6 in Unarmed Combat
  4740 | D:4      | Noticed nht's ghost (average HOMo)
  4788 | D:4      | Reached XP level 6. HP: 44/47 MP: 2/11
  5139 | D:4      | Reached skill level 7 in Unarmed Combat
  5306 | D:5      | Entered Level 5 of the Dungeon
  5316 | D:5      | Noticed nht's ghost (average HOFi)
  6016 | D:6      | Reached XP level 7. HP: 37/51 MP: 12/12
  6975 | D:6      | Found a sacrificial altar of Ru.
  7070 | D:6      | Reached skill level 8 in Unarmed Combat
  7754 | D:6      | Reached XP level 8. HP: 35/59 MP: 13/13
  7882 | D:6      | Learned a level 4 spell: Ice Form
  7960 | D:6      | Reached skill level 9 in Unarmed Combat
  9044 | D:7      | Reached skill level 10 in Unarmed Combat
  9524 | D:7      | Reached XP level 9. HP: 54/64 MP: 14/14
  9963 | D:7      | Found a deep blue altar of Sif Muna.
 10194 | D:7      | Found a staircase to the Ecumenical Temple.
 10650 | D:8      | Found a sparkling altar of Nemelex Xobeh.
 11026 | D:9      | Reached skill level 11 in Unarmed Combat
 11102 | D:9      | Reached skill level 5 in Dodging
 11340 | D:9      | You fall through a shaft!
 11340 | D:10     | Entered Level 10 of the Dungeon
 11420 | D:10     | Noticed Maud
 11427 | D:10     | Noticed a hill giant
 11530 | D:9      | You fall through a shaft for 3 floors!
 11901 | D:12     | Got a smoking buckler
 11978 | D:12     | Noticed Maurice
 12000 | D:12     | Noticed Azrael
 12274 | D:12     | Noticed a white ugly thing
 12508 | D:11     | Reached XP level 10. HP: 68/71 MP: 11/15
 12586 | D:11     | Reached skill level 12 in Unarmed Combat
 12680 | D:11     | Identified the cursed +0 buckler of Immorality {+Blink rElec rC+ Int-4} (You found it on level 12 of the Dungeon)
 12739 | D:11     | Noticed a hill giant
 12751 | D:11     | Killed a hill giant
 12751 | D:11     | Reached skill level 1 in Ice Magic
 13144 | D:11     | Reached skill level 5 in Transmutations
 13199 | D:11     | Noticed a hill giant
 13239 | D:11     | Killed a hill giant
 13477 | D:10     | Noticed Fannar
 14251 | D:11     | Learned a level 3 spell: Regeneration
 14304 | D:10     | Noticed oplop's ghost (powerful OpIE)
 14317 | D:10     | Killed oplop's ghost
 14354 | D:10     | Found a staircase to the Orcish Mines.
 14427 | D:10     | Killed Fannar
 14427 | D:10     | Reached XP level 11. HP: 34/84 MP: 7/17
 14512 | D:11     | Noticed an eight-headed hydra
 14707 | D:10     | Killed a hill giant
 15153 | D:10     | Reached skill level 5 in Ice Magic
 15347 | D:10     | Found Imarixyaqu's Weapon Shop.
 15403 | D:10     | Reached skill level 5 in Fighting
 15770 | D:9      | Noticed Gastronok
 16266 | D:9      | Killed Gastronok
 16320 | D:9      | Found a staircase to the Lair.
 16335 | Lair:1   | Entered Level 1 of the Lair of Beasts
 16586 | Lair:1   | Reached skill level 13 in Unarmed Combat
 17599 | Lair:2   | Got a jewelled ring mail
 18799 | Lair:3   | Reached XP level 12. HP: 96/96 MP: 16/18
 18887 | Lair:3   | Learned a level 2 spell: Blink
 18909 | Lair:3   | Identified the +5 ring mail of Satisfaction {rPois rF+} (You found it on level 2 of the Lair of Beasts)
 19338 | Lair:3   | Noticed Urug
 19358 | Lair:3   | Killed Urug
 19358 | Lair:3   | Reached skill level 14 in Unarmed Combat
 19622 | Lair:3   | Found a staircase to the Swamp.
 20479 | Lair:4   | Noticed a six-headed hydra
 20486 | Lair:4   | Killed a six-headed hydra
 20638 | Lair:4   | Reached skill level 15 in Unarmed Combat
 21322 | Lair:4   | Noticed Nergalle
 21327 | Lair:4   | Killed Nergalle
 21804 | Lair:5   | Reached XP level 13. HP: 99/102 MP: 19/19
 21826 | Lair:5   | Found a labyrinth entrance.
 21838 | Lab      | Entered a labyrinth
 22568 | Lab      | Identified a +0 rod of ignition (12/12)
 22568 | Lab      | Slain by a minotaur

Action                   |  1- 3 |  4- 6 |  7- 9 | 10-12 | 13-15 || total
-------------------------+-------+-------+-------+-------+-------++-------
Melee: Unarmed           |   162 |   253 |   427 |   829 |    17 ||  1688
Throw: Throwing net      |     4 |       |     4 |       |       ||     8
       Tomahawk          |       |    24 |    25 |       |       ||    49
       Javelin           |       |       |       |    22 |       ||    22
 Cast: Sticks to Snakes  |       |     7 |     9 |     2 |       ||    18
       Spider Form       |       |     3 |    12 |     7 |       ||    22
       Beastly Appendage |       |     1 |    12 |     7 |       ||    20
       Ice Form          |       |       |       |    46 |       ||    46
       Regeneration      |       |       |       |     2 |       ||     2
 Abil: End Transformatio |       |       |       |     1 |       ||     1
Evoke: Rod               |       |       |       |    22 |     2 ||    24
       Wand              |       |       |       |     4 |       ||     4
  Use: Scroll            |     4 |     7 |    10 |     6 |     1 ||    28
       Potion            |     2 |     4 |     5 |       |     4 ||    15
 Stab: Sleeping          |     1 |     6 |     5 |     6 |       ||    18
       Held in net/web   |     2 |       |     3 |       |       ||     5
       Distracted        |       |     1 |       |     3 |       ||     4
       Invisible         |       |       |       |     8 |     1 ||     9
  Eat: Chunk             |     4 |    12 |    15 |    33 |       ||    64
       Bread ration      |       |     1 |     2 |     1 |       ||     4
       Beef jerky        |       |       |     2 |     1 |       ||     3
       Fruit             |       |       |       |     1 |       ||     1
       Royal jelly       |       |       |       |     1 |     1 ||     2
       Pizza             |       |       |       |     1 |       ||     1
